 Dungeon Crawl Stone Soup version 0.31-a0-466-g98c9adc2b6 (webtiles) character file.

Game seed: 15346557348965406796

89 benadryl the Ruffian (level 4, 0/34 HPs)
             Began as a Demonspawn Shapeshifter on Aug 4, 2023.
             Killed by divine providence
             ... invoked by an orc priest
              (12 damage)
             ... on level 3 of the Dungeon on Aug 5, 2023.
             The game lasted 00:02:54 (2325 turns).

benadryl the Ruffian (Demonspawn Shapeshifter)      Turns: 2325, Time: 00:02:55

Health: 0/34       AC:  5    Str: 18    XL:     4   Next: 31%
Magic:  4/4        EV: 11    Int:  9    God:
Gold:   132        SH:  0    Dex: 13    Spells: 3/3 levels left

rFire   . .          .
                       - Unarmed
rCold   . . .        (no shield)
rNeg    . . .        h - +0 ring mail
rPois   .            (helmet currently unavailable)
rElec   .            (cloak currently unavailable)
rCorr   .            (gloves currently unavailable)
SInv    .            (boots currently unavailable)
Will    .....        k - amulet of the acrobat
Stlth   +            (no ring)
HPRegen 0.25/turn    (no ring)
MPRegen 0.09/turn

%: acrobat
@: beast-form
A: beast (slay +1), demonic guardian 1, spiny 1
a: Begin Untransformation


You were on level 3 of the Dungeon.
You were a hulking beast.
You visited 1 branch of the dungeon, and saw 3 of its levels.

You collected 132 gold pieces.

Inventory:

Missiles
 d - 6 curare-tipped darts
Armour
 g - a +0 helmet
 h - a +0 ring mail (worn)
Jewellery
 k - an amulet of the acrobat (around neck)
Talismans
 c - a beast talisman (active)
Scrolls
 e - 5 scrolls of identify {unknown}
 f - 3 scrolls of amnesia {unknown}
 i - 2 scrolls of fog {unknown}
 j - a scroll of teleportation {unknown}
Potions
 a - 2 potions of heal wounds {unknown}
 b - a potion of lignification


   Skills:
 + Level 2.5 Fighting
 - Level 1.7 Dodging
 * Level 4.1 Unarmed Combat
 - Level 2.6 Shapeshifting


You had 3 spell levels left.
You didn't know any spells.
Your spell library contained the following spells:

 Spells                   Type           Power      Damage    Failure   Level
 Wereblood                Tmut           0%         N/A       73%         2
 Irradiate                Conj/Tmut      0%         3d11      100%        5


Dungeon Overview and Level Annotations

Branches:
Dungeon (3/15)

Altars:


Innate Abilities, Weirdness & Mutations

You are a hulking beast.
Your limbs bulge with bestial killing power. (Slay +1)
A weak demonic guardian rushes to your aid.
You are partially covered in sharp spines.


Message History

You feel stronger.
You hit the orc.
The orc is almost dead.
The orc misses you. The orc barely misses you.
You hit the orc.
You kill the orc!
You punch the orc!
You kill the orc!
Items here: ( ))) [[ †.
d - 6 curare-tipped darts You feel yourself speed up.
A giant cockroach comes into view.
A giant cockroach is nearby!
Unknown command.
You punch the giant cockroach!
You kill the giant cockroach!
No target in view!
No target in view!
No target in view!
No target in view!
No target in view!
No target in view!
No target in view!
No target in view!
HP restored.
You see here a giant cockroach corpse.
You now have 132 gold pieces (gained 32).
Items here: ( )) [.
An orc priest comes into view. It is wielding a +0 club.
The orc priest shouts!
You hear a shout!
The orc priest invokes the aid of Beogh against you.
Beogh smites you!
Unknown command.
The orc priest invokes the aid of Beogh against you.
Beogh smites you!
A demonic guardian appears!
You hit the orc priest. You punch the orc priest.
The orc priest is severely wounded.
The orc priest calls down the wrath of Beogh upon you.
Beogh smites you!
You die...

############
#<.......<÷#
#.########.# #. #.#
########### .o# #.#
#.)........ .. ##.##
#.#########
#.###...###†#
#..oh...)...#
#####5..#####
##)#...##########
.########.#.#...........
..............#########.
########.###### #... #.#
#######.#. #.#
#.......## ##.##
#.#######.


You could see an orc priest (ally target) and a friendly shadow imp (summoned).

Vanquished Creatures
  An orc wizard (D:3)
  An adder (D:2)
  A worm (D:3)
  2 dart slugs
  3 orcs (D:3)
  3 ball pythons
  4 bats
  2 endoplasms
  5 giant cockroaches
  3 goblins
  3 hobgoblins
  2 jackals (D:1)
  4 kobolds (D:1)
  2 rats (D:1)
36 creatures vanquished.

Vanquished Creatures (collateral kills)
  A hobgoblin (D:1)
  3 jackals (D:1)
  A frilled lizard (D:1)
5 creatures vanquished.

Grand Total: 41 creatures vanquished

Notes
Turn   | Place    | Note
-------+----------+-------------------------------------------
     0 | D:1      | benadryl the Demonspawn Shapeshifter began the quest for
                  | the Orb.
     0 | D:1      | Reached XP level 1. HP: 15/15 MP: 1/1
   126 | D:1      | Reached skill level 3 in Unarmed Combat
   155 | D:1      | Gained mutation: A weak demonic guardian rushes to your
                  | aid. [demonic ancestry]
   155 | D:1      | Reached XP level 2. HP: 21/21 MP: 2/2
   457 | D:1      | Upgraded the game from 0.31-a0-455-g1a7b003ef0 to
                  | 0.31-a0-466-g98c9adc2b6
   574 | D:1      | Gained mutation: You are partially covered in sharp spines.
                  | [demonic ancestry]
   574 | D:1      | Reached XP level 3. HP: 26/27 MP: 3/3
  1130 | D:2      | Found a faded altar of an unknown god.
  2258 | D:3      | Reached skill level 4 in Unarmed Combat
  2258 | D:3      | Reached XP level 4. HP: 20/34 MP: 4/4
  2325 | D:3      | Killed from afar by an orc priest

Illustrated notes

Levels and vault maps discovered:
D:1:      dpeg_arrival_renting, layout_basic, minmay_worlds_worst_comb
D:2:      layout_loops_ring, ebering_ecumenical_altar_box
D:3:      layout_loops_ring, nicolae_overflow_squiral

Skill      XL: |  1  2  3 |
---------------+----------+-----
Unarmed Combat | 3 4 |  4.1
Fighting       | 2 |  2.5
Dodging        | |  1.7
Shapeshifting  | |  2.6

Action                     |  1- 3 |  4- 6 || total
---------------------------+-------+-------++-------
  Melee: Unarmed           |   112 |     5 ||   117
         Punch             |     3 |     1 ||     4
    Use: Potion            |     1 |       ||     1
 Armour: Animal skin       |    23 |       ||    23
         Ring mail         |    12 |       ||    12
  Dodge: Dodged            |    97 |     2 ||    99

Table legend: (Time is in decaauts)
 A = Elapsed time spent in this place.
 B = Non-inter-level travel time spent in this place.
 C = Inter-level travel time spent in this place.
 D = Time resting spent in this place.
 E = Time spent auto-exploring this place.
 F = Levels seen in this place.
 G = Mean time per level.
                   A        B        C        D        E       F      G
               +--------+--------+--------+--------+--------+-----+--------+
         Total |   2329 |   2221 |    108 |    449 |   1440 |   3 |  776.3 |
       Dungeon |   2329 |   2221 |    108 |    449 |   1440 |   3 |  776.3 |
               +--------+--------+--------+--------+--------+-----+--------+

Top non-repeatable levels by time:
     D:1: 1014 daAuts
     D:2: 879 daAuts
     D:3: 435 daAuts
